 Dungeon Crawl Stone Soup version 0.31-a0-174-g85c54bcb58 (webtiles) character file.

Game seed: 9835126617788142133

13295 qw the Skirmisher (level 12, -5/114 HPs)
             Began as a Naga Hunter on June 15, 2023.
             Was an Elder of Okawaru.
             Slain by a cyan very ugly thing (13 damage)
             ... on level 11 of the Dungeon.
             The game lasted 00:05:05 (10616 turns).

qw the Skirmisher (Naga Hunter)                    Turns: 10616, Time: 00:05:06

Health: -5/114     AC: 17    Str: 14    XL:     12   Next: 4%
Magic:  17/17      EV: 19    Int: 11    God:    Okawaru [****..]
Gold:   563        SH:  5    Dex: 24    Spells: 11/11 levels left

rFire   . . .        Y - +0 arbalest
rCold   . . .        (shield currently unavailable)
rNeg    . . .        j - +0 steam dragon scales
rPois   +            (no helmet)
rElec   .            a - +2 cloak {rPois}
rCorr   .            q - +1 Delatra's gloves {ID++}
SInv    +            (no barding)
Will    +....        n - amulet of reflection
Stlth   ++++         h - +6 ring of dexterity
HPRegen 0.39/turn    g - +4 ring of protection
MPRegen 0.15/turn

%: reflection
@: heroic, very slow
A: AC +4, large, see invisible, deformed body, poison resistance, slowness 2,
spit poison 1, naga tail 1
a: Spit Poison, Renounce Religion, Heroism, Finesse


You were on level 11 of the Dungeon.
You worshipped Okawaru.
Okawaru was greatly pleased with you.
You visited 2 branches of the dungeon, and saw 12 of its levels.

You collected 667 gold pieces.
You spent 104 gold pieces at shops.


Innate Abilities, Weirdness & Mutations

Your serpentine skin is tough. (AC +4)
You have supernaturally acute eyesight. (SInv)
Armour fits poorly on your strangely shaped body.
Your system is resistant to poisons. (rPois)
You cover ground very slowly.
You can spit poison.
You have a snake-like lower body.


   Skills:
 - Level 9.0(14.0) Fighting
 + Level 13.1(18.1) Ranged Weapons
 - Level 2.2(7.2) Armour
 - Level 6.1(11.1) Dodging
 - Level 1.5(6.5) Stealth
 + Level 6.6 Invocations


You had 11 spell levels left.
You didn't know any spells.
Your spell library was empty.

Inventory:

Hand Weapons
 Y - a +0 arbalest (weapon)
Armour
 a - a +2 cloak of poison resistance (worn)
 j - +0 steam dragon scales (worn)
 q - the +1 Delatra's gloves (worn) {ID++}
   (You found it on level 5 of the Dungeon)

   ID++:      It heals its wearer when they drink unknown potions, and restores
   their MP when they read unknown scrolls.
Jewellery
 g - a +4 ring of protection (right hand)
 h - a +6 ring of dexterity (left hand)
 n - an amulet of reflection (around neck)
Scrolls
 e - 2 scrolls of identify
Potions
 b - 6 potions of curing
 d - 5 potions of mutation
 i - 2 potions of might
 k - a potion of magic
 l - 2 potions of resistance
 r - a potion of haste

Dungeon Overview and Level Annotations

Branches:
Dungeon (11/15)            Temple (1/1) D:4            Lair (0/5) D:11
    Orc: D:9-12

Altars:
Ashenzari
Cheibriados
Dithmenos
Elyvilon
Fedhas
Gozag
Hepliaklqana
Kikubaaqudgha
Makhleb
Nemelex Xobeh
Okawaru
Qazlal
Ru
Sif Muna
Trog
Uskayaw
Vehumet
Wu Jian
Xom
Yredelemnul
Zin
The Shining One

Shops:
D:2 :   D:4 ?

Annotations:
D:10 5 runed translucent doors, qw's ghost, journeyman NaHu


Message History

As you read the scroll of teleportation, it crumbles to dust.
You feel strangely unstable.
The purple ugly thing barely misses you.
The cyan ugly thing closely misses you. x2
You shoot a bolt.
The bolt barely misses the cyan ugly thing.
The purple ugly thing claws you!
The cyan ugly thing kicks you but does no damage.
The cyan ugly thing barely misses you.
You shoot a bolt.
The bolt closely misses the cyan ugly thing.
Your surroundings suddenly seem different. 3 yaks and an acid dragon come into view.
Found a stone staircase leading down.
Enter note:
10612 ||| READING scroll of teleportation.
As you read the scroll of teleportation, it crumbles to dust.
You feel strangely unstable.
You shoot a bolt.
The bolt hits the yak but does no damage.
The yak bellows! x2
You shoot a bolt. The bolt hits the yak!
The yak is moderately wounded.
Your surroundings suddenly seem different.
Splash!
You fall into the shallow water.
A cyan very ugly thing and a wizard come into view.
Found seven items.
You are no longer corroded.
The cyan very ugly thing gurgles horribly!
The wizard shouts!
The wizard shouts, "You can't withstand my power!"
Enter note: You shoot a bolt.
The bolt hits the cyan very ugly thing.
The cyan very ugly thing is lightly wounded.
You shoot a bolt.
The bolt hits the cyan very ugly thing!!
The cyan very ugly thing is moderately wounded.
The cyan very ugly thing kicks you!
You die...

## #~ ##~
#~~ ~~##
###
#~~##(((##
~......~
#~~~p...)#
#......~
#@u....[#
#~.....~
####)$?##
#~.....~
##
#~....~~
#..u~~#
##u##
#u.u#
##..# ##.#
#.##


You could see a cyan very ugly thing and a wizard.

Vanquished Creatures
  A boulder beetle (D:10)
  2 death yaks
  A wizard (D:10)
  2 ugly things (D:11)
  A cyclops (D:10)
  An elephant (D:11)
  Maurice (D:10)
  Maggie (D:8)
  A polar bear (D:8)
  Sigmund (D:6)
  A shadow (D:9)
  3 wyverns
  22 yaks
  An unseen horror simulacrum (D:8)
  2 basilisks (D:11)
  2 steam dragons
  3 vampire mosquitoes (D:10)
  2 acid dragons
  A water moccasin (D:6)
  4 orc warriors
  4 ice beasts
  A black bear (D:6)
  An ogre (D:6)
  4 centaurs
  4 kobold brigands
  A bullfrog (D:6)
  A scorpion (D:5)
  A gnoll sergeant (D:9)
  12 killer bees (D:9)
  2 howler monkeys
  3 electric eels (D:8)
  A jelly (D:5)
  3 hounds
  4 orc priests
  A gnoll bouda (D:8)
  2 iguanas (D:6)
  18 orc wizards
  Natasha (D:2)
  13 gnolls
  7 adders
  A shadow imp (D:6)
  3 white imps
  A howler monkey simulacrum (D:8)
  2 ufetubi (D:8)
  4 worms
  4 dart slugs
  51 orcs
  7 ball pythons
  8 endoplasms
  A giant cockroach (D:5)
  9 hobgoblins
  7 jackals
  18 kobolds
  2 quokkas
  3 bats
  4 goblins
  5 rats
267 creatures vanquished.

Vanquished Creatures (others)
  A human (D:9)
1 creature vanquished.

Grand Total: 268 creatures vanquished

Notes
Turn   | Place    | Note
-------+----------+-------------------------------------------
     0 | D:1      | qw the Naga Hunter began the quest for the Orb.
     0 | D:1      | Reached XP level 1. HP: 19/19 MP: 1/1
     0 | D:1      | 0 ||| qw: Version: 0.2-a-29-g511e9b1
     0 | D:1      | 0 ||| qw: Game counter: 5390
     0 | D:1      | 0 ||| qw: Always use a shield: true
     0 | D:1      | 0 ||| qw: God list: Okawaru
     0 | D:1      | 0 ||| qw: Allow faded altars: false
     0 | D:1      | 0 ||| qw: Do Orc after D:15 true
     0 | D:1      | 0 ||| qw: Do second Lair branch before Depths: true
     0 | D:1      | 0 ||| qw: Lair rune preference: random
     0 | D:1      | 0 ||| qw: Plans: Normal
     0 | D:1      | 0 ||| PLANNING D:1-11
    41 | D:1      | 41 ||| INVOKING Spit Poison.
    46 | D:1      | 46 ||| INVOKING Spit Poison.
    73 | D:1      | 73 ||| INVOKING Spit Poison.
    77 | D:1      | Reached skill level 4 in Ranged Weapons
    77 | D:1      | Reached XP level 2. HP: 26/26 MP: 2/2
   116 | D:1      | 116 ||| INVOKING Spit Poison.
   148 | D:1      | 148 ||| INVOKING Spit Poison.
   149 | D:1      | 149 ||| INVOKING Spit Poison.
   210 | D:1      | 210 ||| INVOKING Spit Poison.
   212 | D:1      | 212 ||| INVOKING Spit Poison.
   232 | D:1      | 232 ||| INVOKING Spit Poison.
   233 | D:1      | 233 ||| INVOKING Spit Poison.
   234 | D:1      | Found a faded altar of an unknown god.
   244 | D:1      | 244 ||| INVOKING Spit Poison.
   248 | D:1      | 248 ||| INVOKING Spit Poison.
   253 | D:1      | 253 ||| INVOKING Spit Poison.
   259 | D:1      | 259 ||| INVOKING Spit Poison.
   356 | D:1      | 356 ||| INVOKING Spit Poison.
   360 | D:1      | 360 ||| INVOKING Spit Poison.
   387 | D:1      | 387 ||| INVOKING Spit Poison.
   388 | D:1      | Reached XP level 3. HP: 32/32 MP: 3/3
   415 | D:1      | 415 ||| INVOKING Spit Poison.
   459 | D:1      | 459 ||| INVOKING Spit Poison.
   658 | D:1      | 658 ||| READING scroll labelled TEESEN WYRGHOT.
   659 | D:1      | 659 ||| READING 2 scrolls labelled KOOTWI DEECS.
   660 | D:1      | 660 ||| READING 2 scrolls labelled XIURUINOCE.
   663 | D:1      | 663 ||| READING 2 scrolls labelled SELON IWOOJEEP.
   664 | D:1      | 664 ||| READING scroll labelled SUNAWI FAUFU.
   665 | D:1      | 665 ||| READING scroll labelled BUOR KEUSTO.
   666 | D:1      | 666 ||| READING scroll labelled OTSETY WAUSHREN.
   667 | D:1      | 667 ||| DROPPING scroll of butterflies.
   668 | D:1      | 668 ||| DROPPING scroll of immolation.
   694 | D:2      | 694 ||| INVOKING Spit Poison.
   697 | D:2      | 697 ||| INVOKING Spit Poison.
   735 | D:2      | 735 ||| INVOKING Spit Poison.
   741 | D:2      | 741 ||| INVOKING Spit Poison.
   791 | D:2      | 791 ||| INVOKING Spit Poison.
  1079 | D:2      | 1079 ||| INVOKING Spit Poison.
  1085 | D:2      | 1085 ||| INVOKING Spit Poison.
  1089 | D:2      | 1089 ||| INVOKING Spit Poison.
  1093 | D:2      | 1093 ||| INVOKING Spit Poison.
  1119 | D:2      | 1119 ||| INVOKING Spit Poison.
  1234 | D:2      | Noticed Natasha
  1236 | D:2      | 1236 ||| INVOKING Spit Poison.
  1239 | D:2      | Killed Natasha
  1240 | D:2      | Reached skill level 5 in Ranged Weapons
  1240 | D:2      | Reached XP level 4. HP: 36/39 MP: 4/4
  1251 | D:2      | Found Wic Ucs's Vocational Training.
  1260 | D:2      | 1260 ||| INVOKING Spit Poison.
  1266 | D:2      | 1266 ||| INVOKING Spit Poison.
  1542 | D:2      | 1542 ||| UPGRADING to +6 ring of dexterity.
  1543 | D:2      | 1543 ||| READING scroll labelled SAWIHA GYNEK.
  1544 | D:2      | 1544 ||| DRINKING 2 coppery potions.
  1545 | D:2      | 1545 ||| DRINKING 2 fizzy orange potions.
  1546 | D:2      | 1546 ||| DRINKING 2 puce potions.
  1547 | D:2      | 1547 ||| DROPPING potion of degeneration.
  1548 | D:2      | 1548 ||| DROPPING potion of attraction.
  1634 | D:3      | 1634 ||| INVOKING Spit Poison.
  1666 | D:3      | 1666 ||| INVOKING Spit Poison.
  1674 | D:3      | 1674 ||| INVOKING Spit Poison.
  1680 | D:3      | 1680 ||| INVOKING Spit Poison.
  1721 | D:3      | 1721 ||| INVOKING Spit Poison.
  1754 | D:3      | 1754 ||| INVOKING Spit Poison.
  1822 | D:3      | Found a basalt altar of Yredelemnul.
  1851 | D:3      | 1851 ||| INVOKING Spit Poison.
  1894 | D:3      | 1894 ||| INVOKING Spit Poison.
  1897 | D:3      | 1897 ||| INVOKING Spit Poison.
  1914 | D:3      | 1914 ||| INVOKING Spit Poison.
  2007 | D:3      | 2007 ||| UPGRADING to +1 cloak of poison resistance.
  2012 | D:3      | 2012 ||| READING scroll labelled JISUOPRUENI.
  2013 | D:3      | 2013 ||| READING 2 scrolls of identify.
  2013 | D:3      | 2013 ||| IDENTIFYING silvery potion
  2080 | D:4      | 2080 ||| INVOKING Spit Poison.
  2087 | D:4      | 2087 ||| INVOKING Spit Poison.
  2090 | D:4      | Reached skill level 3 in Fighting
  2090 | D:4      | Reached XP level 5. HP: 34/49 MP: 5/5
  2197 | D:4      | 2197 ||| INVOKING Spit Poison.
  2200 | D:4      | 2200 ||| INVOKING Spit Poison.
  2206 | D:4      | 2206 ||| INVOKING Spit Poison.
  2217 | D:4      | 2217 ||| INVOKING Spit Poison.
  2232 | D:4      | Found a staircase to the Ecumenical Temple.
  2233 | D:4      | 2233 ||| PLANNING TEMPLE
  2233 | D:4      | 2233 ||| UPGRADING to ring of resist corrosion.
  2239 | D:4      | 2239 ||| INVOKING Spit Poison.
  2243 | Temple   | Entered the Ecumenical Temple
  2244 | Temple   | 2244 ||| PLANNING OKAWARU WORSHIP
  2258 | Temple   | Became a worshipper of Warmaster Okawaru
  2259 | Temple   | 2259 ||| PLANNING D:1-11
  2318 | D:4      | 2318 ||| INVOKING Spit Poison.
  2324 | D:4      | 2324 ||| INVOKING Spit Poison.
  2479 | D:4      | 2479 ||| INVOKING Spit Poison.
  2482 | D:4      | 2482 ||| INVOKING Spit Poison.
  2500 | D:4      | 2500 ||| INVOKING Spit Poison.
  2653 | D:4      | 2653 ||| INVOKING Spit Poison.
  2659 | D:4      | 2659 ||| INVOKING Spit Poison.
  2886 | D:4      | 2886 ||| INVOKING Spit Poison.
  2982 | D:4      | Found The Oracle's Delphic Readings.
  2986 | D:4      | 2986 ||| BUYING scroll of identify (26 gold).
  2986 | D:4      | Bought a scroll of identify for 26 gold pieces
  2986 | D:4      | 2986 ||| BUYING scroll of teleportation (39 gold).
  2986 | D:4      | Bought a scroll of teleportation for 39 gold pieces
  2986 | D:4      | 2986 ||| BUYING scroll of teleportation (39 gold).
  2986 | D:4      | Bought a scroll of teleportation for 39 gold pieces
  3067 | D:4      | 3067 ||| READING scroll labelled LOISEREGGA.
  3068 | D:4      | 3068 ||| READING 2 scrolls of identify.
  3068 | D:4      | 3068 ||| IDENTIFYING sapphire potion
  3069 | D:4      | 3069 ||| DROPPING potion of brilliance.
  3095 | D:5      | Entered Level 5 of the Dungeon
  3096 | D:5      | 3096 ||| PLANNING SEWER
  3097 | D:5      | 3097 ||| INVOKING Spit Poison.
  3103 | D:5      | 3103 ||| INVOKING Spit Poison.
  3104 | D:5      | Reached skill level 6 in Ranged Weapons
  3104 | D:5      | Reached XP level 6. HP: 47/56 MP: 6/6
  3133 | D:5      | 3133 ||| INVOKING Spit Poison.
  3142 | D:5      | 3142 ||| INVOKING Spit Poison.
  3153 | D:5      | 3153 ||| INVOKING Spit Poison.
  3177 | D:5      | 3177 ||| INVOKING Spit Poison.
  3180 | D:5      | 3180 ||| INVOKING Spit Poison.
  3186 | D:5      | 3186 ||| INVOKING Spit Poison.
  3190 | D:5      | 3190 ||| INVOKING Spit Poison.
  3290 | D:5      | 3290 ||| INVOKING Spit Poison.
  3456 | D:5      | 3456 ||| INVOKING Spit Poison.
  3505 | D:5      | 3505 ||| INVOKING Spit Poison.
  3509 | D:5      | 3509 ||| INVOKING Spit Poison.
  3513 | D:5      | 3513 ||| INVOKING Spit Poison.
  3550 | D:5      | Reached XP level 7. HP: 64/64 MP: 7/7
  3601 | D:5      | 3601 ||| INVOKING Spit Poison.
  3608 | D:5      | 3608 ||| INVOKING Spit Poison.
  3608 | D:5      | Reached * piety under Okawaru
  3611 | D:5      | 3611 ||| INVOKING Heroism.
  3614 | D:5      | 3614 ||| INVOKING Spit Poison.
  3707 | D:5      | 3707 ||| RIP SEWER
  3720 | D:5      | 3720 ||| PLANNING D:1-11
  3735 | D:5      | 3735 ||| INVOKING Spit Poison.
  3739 | D:5      | 3739 ||| INVOKING Spit Poison.
  3749 | D:5      | 3749 ||| Stepping ~*~*~tactically~*~*~ (outnumbered).
  3750 | D:5      | 3750 ||| INVOKING Spit Poison.
  3755 | D:5      | 3755 ||| INVOKING Spit Poison.
  3758 | D:5      | 3758 ||| INVOKING Spit Poison.
  3759 | D:5      | Reached skill level 7 in Ranged Weapons
  3759 | D:5      | 3759 ||| INVOKING Heroism.
  3766 | D:5      | 3766 ||| INVOKING Spit Poison.
  3773 | D:5      | 3773 ||| INVOKING Heroism.
  3774 | D:5      | 3774 ||| INVOKING Spit Poison.
  3987 | D:5      | 3987 ||| INVOKING Spit Poison.
  3991 | D:5      | 3991 ||| INVOKING Spit Poison.
  4024 | D:5      | Found the +1 Delatra's gloves {ID++}
  4130 | D:5      | 4130 ||| UPGRADING to +1 Delatra's gloves {ID++}.
  4135 | D:5      | 4135 ||| UPGRADING to amulet of reflection.
  4140 | D:5      | 4140 ||| UPGRADING to +4 ring of protection.
  4142 | D:5      | 4142 ||| DROPPING ring of ice.
  4143 | D:5      | 4143 ||| DROPPING ring of resist corrosion.
  4144 | D:5      | 4144 ||| READING 3 scrolls of identify.
  4144 | D:5      | 4144 ||| IDENTIFYING emerald potion
  4145 | D:5      | 4145 ||| READING 2 scrolls of identify.
  4145 | D:5      | 4145 ||| IDENTIFYING bubbling dark potion
  4146 | D:5      | 4146 ||| DROPPING potion of lignification.
  4168 | D:6      | 4168 ||| INVOKING Spit Poison.
  4172 | D:6      | 4172 ||| INVOKING Spit Poison.
  4176 | D:6      | 4176 ||| INVOKING Spit Poison.
  4177 | D:6      | Reached skill level 1 in Armour
  4183 | D:6      | 4183 ||| INVOKING Spit Poison.
  4185 | D:6      | Reached XP level 8. HP: 56/72 MP: 8/8
  4186 | D:6      | 4186 ||| INVOKING Spit Poison.
  4189 | D:6      | 4189 ||| INVOKING Spit Poison.
  4194 | D:6      | 4194 ||| INVOKING Spit Poison.
  4200 | D:6      | 4200 ||| FLEEEEING.
  4201 | D:6      | 4201 ||| FLEEEEING.
  4202 | D:6      | 4202 ||| STAIRDANCE
  4251 | D:6      | 4251 ||| INVOKING Spit Poison.
  4257 | D:6      | 4257 ||| INVOKING Spit Poison.
  4334 | D:6      | 4334 ||| INVOKING Spit Poison.
  4338 | D:6      | 4338 ||| INVOKING Spit Poison.
  4345 | D:6      | 4345 ||| INVOKING Spit Poison.
  4346 | D:6      | Reached skill level 1 in Invocations
  4439 | D:6      | Reached skill level 8 in Ranged Weapons
  4472 | D:6      | 4472 ||| INVOKING Spit Poison.
  4543 | D:6      | 4543 ||| READING scroll of enchant armour.
  4543 | D:6      | 4543 ||| ENCHANTING +1 cloak of poison resistance.
  4561 | D:6      | 4561 ||| INVOKING Spit Poison.
  4568 | D:6      | Noticed Sigmund
  4569 | D:6      | 4569 ||| INVOKING Heroism.
  4570 | D:6      | 4570 ||| INVOKING Spit Poison.
  4576 | D:6      | 4576 ||| INVOKING Spit Poison.
  4577 | D:6      | Reached skill level 3 in Invocations
  4578 | D:6      | Killed Sigmund
  4585 | D:6      | 4585 ||| INVOKING Spit Poison.
  4603 | D:6      | 4603 ||| INVOKING Spit Poison.
  4606 | D:6      | 4606 ||| INVOKING Spit Poison.
  4638 | D:6      | 4638 ||| INVOKING Spit Poison.
  4641 | D:6      | 4641 ||| INVOKING Spit Poison.
  4649 | D:6      | 4649 ||| DRINKING potion of curing.
  4649 | D:6      | 4649 ||| (to cure confusion)
  4650 | D:6      | 4650 ||| INVOKING Spit Poison.
  4657 | D:6      | 4657 ||| INVOKING Spit Poison.
  4662 | D:6      | 4662 ||| INVOKING Spit Poison.
  4718 | D:6      | 4718 ||| INVOKING Spit Poison.
  4719 | D:6      | 4719 ||| INVOKING Heroism.
  4725 | D:6      | Reached skill level 3 in Dodging
  4725 | D:6      | 4725 ||| INVOKING Spit Poison.
  4761 | D:6      | 4761 ||| INVOKING Spit Poison.
  4776 | D:6      | 4776 ||| INVOKING Spit Poison.
  4838 | D:6      | 4838 ||| INVOKING Spit Poison.
  5039 | D:6      | 5039 ||| READING 2 scrolls of identify.
  5039 | D:6      | 5039 ||| IDENTIFYING green potion
  5075 | D:7      | 5075 ||| INVOKING Heroism.
  5076 | D:7      | 5076 ||| INVOKING Spit Poison.
  5082 | D:7      | 5082 ||| INVOKING Spit Poison.
  5086 | D:7      | 5086 ||| INVOKING Spit Poison.
  5087 | D:7      | 5087 ||| STAIRDANCE
  5111 | D:7      | 5111 ||| INVOKING Spit Poison.
  5113 | D:7      | 5113 ||| STAIRDANCE
  5179 | D:7      | 5179 ||| INVOKING Spit Poison.
  5182 | D:7      | Reached XP level 9. HP: 75/81 MP: 12/12
  5189 | D:7      | 5189 ||| INVOKING Heroism.
  5190 | D:7      | 5190 ||| INVOKING Spit Poison.
  5195 | D:7      | 5195 ||| INVOKING Spit Poison.
  5220 | D:7      | 5220 ||| UPGRADING to +0 orcbow of freezing.
  5221 | D:7      | 5221 ||| DROPPING +1 shortbow.
  5231 | D:7      | 5231 ||| INVOKING Heroism.
  5232 | D:7      | 5232 ||| INVOKING Spit Poison.
  5233 | D:7      | 5233 ||| Stepping ~*~*~tactically~*~*~ (cloud).
  5236 | D:7      | 5236 ||| INVOKING Spit Poison.
  5238 | D:7      | 5238 ||| Stepping ~*~*~tactically~*~*~ (cloud).
  5385 | D:7      | 5385 ||| UPGRADING to +0 steam dragon scales.
  5395 | D:7      | 5395 ||| INVOKING Spit Poison.
  5396 | D:7      | 5396 ||| DROPPING +0 leather armour.
  5399 | D:7      | Reached skill level 9 in Ranged Weapons
  5404 | D:7      | 5404 ||| INVOKING Spit Poison.
  5416 | D:7      | 5416 ||| INVOKING Spit Poison.
  5485 | D:7      | 5485 ||| UPGRADING to +0 arbalest.
  5486 | D:7      | 5486 ||| DROPPING +0 orcbow of freezing.
  5518 | D:7      | 5518 ||| INVOKING Spit Poison.
  5538 | D:7      | Found a broken altar of Ashenzari.
  5650 | D:7      | Found a shadowy altar of Dithmenos.
  5770 | D:7      | 5770 ||| INVOKING Spit Poison.
  5784 | D:7      | 5784 ||| INVOKING Spit Poison.
  5789 | D:7      | Reached skill level 6 in Fighting
  5884 | D:7      | 5884 ||| READING scroll labelled JATAHE ZIAMUW.
  5885 | D:7      | 5885 ||| DRINKING 2 smoky pink potions.
  5886 | D:7      | 5886 ||| READING 2 scrolls of identify.
  5886 | D:7      | 5886 ||| IDENTIFYING bubbling cyan potion
  5887 | D:7      | 5887 ||| DROPPING potion of enlightenment.
  5920 | D:8      | 5920 ||| INVOKING Spit Poison.
  5924 | D:8      | Reached ** piety under Okawaru
  5948 | D:8      | Noticed a polar bear
  5949 | D:8      | 5949 ||| INVOKING Heroism.
  5950 | D:8      | 5950 ||| INVOKING Spit Poison.
  5956 | D:8      | 5956 ||| INVOKING Spit Poison.
  5959 | D:8      | Killed a polar bear
  5972 | D:8      | 5972 ||| INVOKING Heroism.
  5992 | D:8      | 5992 ||| INVOKING Heroism.
  5995 | D:8      | 5995 ||| INVOKING Spit Poison.
  6109 | D:8      | 6109 ||| INVOKING Spit Poison.
  6115 | D:8      | 6115 ||| INVOKING Spit Poison.
  6186 | D:8      | Noticed a death yak
  6187 | D:8      | 6187 ||| INVOKING Heroism.
  6191 | D:8      | 6191 ||| INVOKING Spit Poison.
  6195 | D:8      | 6195 ||| INVOKING Spit Poison.
  6198 | D:8      | HP: 10/82 [white imp/puff of frost (12)]
  6199 | D:8      | 6199 ||| READING 5 scrolls of teleportation.
  6200 | D:8      | 6200 ||| DRINKING potion of heal wounds.
  6201 | D:8      | 6201 ||| INVOKING Spit Poison.
  6203 | D:8      | HP: 17/82 [white imp/puff of frost (12)]
  6204 | D:8      | 6204 ||| READING 4 scrolls of teleportation.
  6205 | D:8      | 6205 ||| INVOKING Spit Poison.
  6207 | D:8      | 6207 ||| READING 3 scrolls of teleportation.
  6208 | D:8      | 6208 ||| INVOKING Spit Poison.
  6226 | D:8      | 6226 ||| READING 2 scrolls of teleportation.
  6227 | D:8      | 6227 ||| INVOKING Heroism.
  6451 | D:8      | Noticed Maggie
  6455 | D:8      | 6455 ||| INVOKING Spit Poison.
  6458 | D:8      | 6458 ||| INVOKING Spit Poison.
  6460 | D:8      | Killed Maggie
  6461 | D:8      | Reached skill level 10 in Ranged Weapons
  6461 | D:8      | Reached XP level 10. HP: 87/91 MP: 13/13
  6472 | D:8      | 6472 ||| INVOKING Spit Poison.
  6475 | D:8      | 6475 ||| INVOKING Spit Poison.
  6479 | D:8      | 6479 ||| INVOKING Spit Poison.
  6537 | D:8      | 6537 ||| INVOKING Spit Poison.
  6541 | D:8      | 6541 ||| INVOKING Spit Poison.
  6544 | D:8      | 6544 ||| INVOKING Spit Poison.
  6583 | D:8      | 6583 ||| INVOKING Heroism.
  6585 | D:8      | 6585 ||| INVOKING Spit Poison.
  6589 | D:8      | 6589 ||| Stepping ~*~*~tactically~*~*~ (outnumbered).
  6590 | D:8      | 6590 ||| Stepping ~*~*~tactically~*~*~ (outnumbered).
  6607 | D:8      | 6607 ||| FLEEEEING.
  6608 | D:8      | 6608 ||| INVOKING Heroism.
  6711 | D:8      | 6711 ||| INVOKING Heroism.
  6756 | D:8      | 6756 ||| INVOKING Heroism.
  6757 | D:8      | 6757 ||| Stepping ~*~*~tactically~*~*~ (outnumbered).
  6760 | D:8      | 6760 ||| INVOKING Spit Poison.
  6772 | D:8      | 6772 ||| Stepping ~*~*~tactically~*~*~ (outnumbered).
  6774 | D:8      | 6774 ||| Stepping ~*~*~tactically~*~*~ (outnumbered).
  6776 | D:8      | 6776 ||| INVOKING Spit Poison.
  6783 | D:8      | 6783 ||| INVOKING Spit Poison.
  6789 | D:8      | 6789 ||| INVOKING Heroism.
  6866 | D:8      | 6866 ||| INVOKING Spit Poison.
  6868 | D:8      | 6868 ||| INVOKING Heroism.
  6872 | D:8      | 6872 ||| INVOKING Spit Poison.
  6876 | D:8      | 6876 ||| INVOKING Spit Poison.
  6881 | D:8      | 6881 ||| INVOKING Spit Poison.
  6882 | D:8      | Killed a death yak
  6883 | D:8      | Reached skill level 11 in Ranged Weapons
  7252 | D:8      | 7252 ||| READING scroll labelled SIMMALO ELIRCH.
  7253 | D:8      | 7253 ||| DRINKING 2 yellow potions.
  7254 | D:8      | 7254 ||| DRINKING 2 potions of curing.
  7254 | D:8      | 7254 ||| (to cure confusion)
  7255 | D:8      | 7255 ||| READING 2 scrolls of identify.
  7255 | D:8      | 7255 ||| IDENTIFYING amethyst potion
  7256 | D:8      | 7256 ||| DROPPING potion of ambrosia.
  7266 | D:9      | 7266 ||| INVOKING Spit Poison.
  7279 | D:9      | 7279 ||| INVOKING Spit Poison.
  7285 | D:9      | 7285 ||| INVOKING Spit Poison.
  7291 | D:9      | 7291 ||| INVOKING Spit Poison.
  7296 | D:9      | 7296 ||| INVOKING Spit Poison.
  7297 | D:9      | 7297 ||| INVOKING Heroism.
  7438 | D:9      | 7438 ||| INVOKING Spit Poison.
  7442 | D:9      | 7442 ||| INVOKING Spit Poison.
  7445 | D:9      | 7445 ||| INVOKING Heroism.
  7446 | D:9      | 7446 ||| INVOKING Spit Poison.
  7453 | D:9      | 7453 ||| INVOKING Spit Poison.
  7456 | D:9      | 7456 ||| INVOKING Spit Poison.
  7461 | D:9      | 7461 ||| INVOKING Spit Poison.
  7462 | D:9      | Reached *** piety under Okawaru
  7651 | D:9      | 7651 ||| INVOKING Spit Poison.
  7655 | D:9      | 7655 ||| INVOKING Spit Poison.
  7665 | D:9      | 7665 ||| INVOKING Spit Poison.
  7676 | D:9      | 7676 ||| INVOKING Spit Poison.
  7679 | D:9      | 7679 ||| INVOKING Spit Poison.
  7682 | D:9      | Reached XP level 11. HP: 101/103 MP: 14/14
  7683 | D:9      | 7683 ||| INVOKING Spit Poison.
  7687 | D:9      | 7687 ||| INVOKING Heroism.
  7688 | D:9      | 7688 ||| INVOKING Spit Poison.
  7694 | D:9      | Reached skill level 12 in Ranged Weapons
  7695 | D:9      | 7695 ||| INVOKING Spit Poison.
  7707 | D:9      | 7707 ||| INVOKING Spit Poison.
  7896 | D:9      | 7896 ||| INVOKING Spit Poison.
  7899 | D:9      | 7899 ||| INVOKING Spit Poison.
  7904 | D:9      | 7904 ||| INVOKING Spit Poison.
  7912 | D:9      | Found a snail-covered altar of Cheibriados.
  7971 | D:9      | 7971 ||| INVOKING Spit Poison.
  7973 | D:9      | 7973 ||| INVOKING Heroism.
  7975 | D:9      | 7975 ||| Stepping ~*~*~tactically~*~*~ (outnumbered).
  7976 | D:9      | 7976 ||| INVOKING Spit Poison.
  7978 | D:9      | 7978 ||| Stepping ~*~*~tactically~*~*~ (outnumbered).
  7980 | D:9      | 7980 ||| INVOKING Spit Poison.
  7984 | D:9      | 7984 ||| INVOKING Spit Poison.
  8053 | D:9      | 8053 ||| INVOKING Spit Poison.
  8057 | D:9      | 8057 ||| INVOKING Spit Poison.
  8162 | D:9      | Found an ancient bone altar of Kikubaaqudgha.
  8242 | D:9      | 8242 ||| INVOKING Heroism.
  8243 | D:9      | 8243 ||| INVOKING Spit Poison.
  8247 | D:9      | 8247 ||| INVOKING Spit Poison.
  8259 | D:9      | 8259 ||| INVOKING Spit Poison.
  8267 | D:9      | 8267 ||| INVOKING Spit Poison.
  8350 | D:10     | Entered Level 10 of the Dungeon
  8350 | D:10     | Noticed Maurice
  8351 | D:10     | 8351 ||| INVOKING Spit Poison.
  8355 | D:10     | Killed Maurice
  8368 | D:10     | Found a runed translucent gate.
  8368 | D:10     | Found a runed translucent gate.
  8369 | D:10     | Found a runed translucent gate.
  8372 | D:10     | Noticed qw's ghost (journeyman NaHu)
  8372 | D:10     | Noticed qw's ghost (journeyman NaHu)
  8415 | D:10     | 8415 ||| INVOKING Heroism.
  8416 | D:10     | 8416 ||| INVOKING Spit Poison.
  8419 | D:10     | 8419 ||| Stepping ~*~*~tactically~*~*~ (outnumbered).
  8420 | D:10     | 8420 ||| INVOKING Spit Poison.
  8427 | D:10     | 8427 ||| INVOKING Spit Poison.
  8433 | D:10     | 8433 ||| INVOKING Spit Poison.
  8438 | D:10     | 8438 ||| INVOKING Spit Poison.
  8563 | D:10     | Found a radiant altar of Vehumet.
  8583 | D:10     | 8583 ||| INVOKING Spit Poison.
  8655 | D:10     | 8655 ||| INVOKING Spit Poison.
  8657 | D:10     | 8657 ||| Stepping ~*~*~tactically~*~*~ (outnumbered).
  8661 | D:10     | 8661 ||| INVOKING Spit Poison.
  8664 | D:10     | 8664 ||| INVOKING Spit Poison.
  8670 | D:10     | 8670 ||| INVOKING Spit Poison.
  8759 | D:10     | Found a large runed translucent door.
  8759 | D:10     | Found a large runed translucent door.
  8891 | D:10     | 8891 ||| INVOKING Spit Poison.
  8895 | D:10     | Reached **** piety under Okawaru
  8896 | D:10     | Reached skill level 13 in Ranged Weapons
  8896 | D:10     | 8896 ||| INVOKING Spit Poison.
  8900 | D:10     | Received a gift from Okawaru
  8902 | D:10     | 8902 ||| INVOKING Spit Poison.
  8904 | D:10     | 8904 ||| INVOKING Heroism.
  8909 | D:10     | 8909 ||| INVOKING Spit Poison.
  9037 | D:10     | Found a glowing silver altar of Zin.
  9300 | D:10     | 9300 ||| DROPPING ring of flight.
  9301 | D:10     | 9301 ||| READING scroll labelled DIXIMM BAKHLI.
  9437 | D:10     | 9437 ||| READING 5 scrolls of identify.
  9437 | D:10     | 9437 ||| IDENTIFYING murky puce potion
  9438 | D:10     | 9438 ||| READING 4 scrolls of identify.
  9438 | D:10     | 9438 ||| IDENTIFYING murky cyan potion
  9439 | D:10     | 9439 ||| READING 3 scrolls of identify.
  9439 | D:10     | 9439 ||| IDENTIFYING bubbling purple potion
  9440 | D:10     | 9440 ||| DROPPING potion of invisibility.
  9441 | D:10     | 9441 ||| DROPPING potion of berserk rage.
  9482 | D:10     | Noticed a wizard
  9483 | D:10     | Noticed a boulder beetle
  9485 | D:10     | 9485 ||| INVOKING Spit Poison.
  9489 | D:10     | 9489 ||| INVOKING Heroism.
  9489 | D:10     | Noticed a cyclops
  9491 | D:10     | 9491 ||| INVOKING Spit Poison.
  9498 | D:10     | 9498 ||| INVOKING Spit Poison.
  9500 | D:10     | Killed a wizard
  9502 | D:10     | Killed a cyclops
  9503 | D:10     | Reached skill level 9 in Fighting
  9505 | D:10     | 9505 ||| INVOKING Spit Poison.
  9509 | D:10     | 9509 ||| INVOKING Heroism.
  9510 | D:10     | 9510 ||| INVOKING Spit Poison.
  9514 | D:10     | HP: 20/106 [boulder beetle (13)]
  9515 | D:10     | 9515 ||| READING 3 scrolls of teleportation.
  9516 | D:10     | 9516 ||| INVOKING Spit Poison.
  9518 | D:10     | Killed a boulder beetle
 10422 | D:11     | Noticed a death yak
 10423 | D:11     | 10423 ||| INVOKING Heroism.
 10426 | D:11     | 10426 ||| INVOKING Spit Poison.
 10430 | D:11     | 10430 ||| INVOKING Spit Poison.
 10436 | D:11     | 10436 ||| INVOKING Spit Poison.
 10440 | D:11     | Killed a death yak
 10441 | D:11     | Reached skill level 6 in Dodging
 10441 | D:11     | Reached skill level 6 in Invocations
 10534 | D:11     | Found a staircase to the Lair.
 10577 | D:11     | Noticed a white ugly thing
 10577 | D:11     | Noticed a cyan ugly thing
 10577 | D:11     | Noticed a brown ugly thing
 10578 | D:11     | Noticed a purple ugly thing
 10581 | D:11     | 10581 ||| INVOKING Heroism.
 10582 | D:11     | 10582 ||| INVOKING Spit Poison.
 10584 | D:11     | Noticed a green ugly thing
 10586 | D:11     | 10586 ||| INVOKING Spit Poison.
 10588 | D:11     | Noticed a cyan ugly thing
 10592 | D:11     | Killed a white ugly thing
 10593 | D:11     | Reached XP level 12. HP: 98/114 MP: 14/16
 10608 | D:11     | HP: 14/114 [cyan ugly thing (15)]
 10609 | D:11     | 10609 ||| READING 2 scrolls of teleportation.
 10610 | D:11     | HP: 6/114 [purple ugly thing (9)]
 10612 | D:11     | 10612 ||| READING scroll of teleportation.
 10614 | D:11     | Noticed a cyan very ugly thing
 10616 | D:11     | Slain by a cyan very ugly thing

Levels and vault maps discovered:
D:1:      lemuel_arrival_lava_pool, layout_basic,
          dreamdust_ecumenical_altar_statues
D:2:      layout_loops_corners, serial_bayou_pond_d,
          chequers_serial_rivers_room_a, supply_closet_lemuel,
          nicolae_shop_vocational, uniq_natasha
D:3:      layout_basic, general_overflow_altar
D:4:      layout_basic, minmay_temple_entry_tees, nicolae_nh_oracle_at_delphi
D:5:      layout_basic, portal_sewer_entry_b, pf_guarded_unrand_delatra
D:6:      layout_rooms, minmay_holes, roderic_roman_lattice, uniq_sigmund
D:7:      layout_basic, marbit_many_paths, lemuel_doored_altar,
          nicolae_kite_square_tiling_tiny
D:8:      layout_basic, serial_ice, serial_ice_d, serial_ice_f, serial_ice_e,
          serial_ice_m, serial_ice_k, uniq_maggie
D:9:      kennysheep_blocky_hall, layout_rooms, lemuel_round_altar,
          tgw_kikubaaqudgha
D:10:     cheibrodos_elevator_heist, layout_cave_pods,
          nicolae_overflow_crystal_walls, mainiacjoe_overflow_small_starburst,
          gammafunk_ghost_cemetery, lightli_elemental_guards, uniq_maurice
D:11:     cheibrodos_breeding_chamber, layout_layer_cave, david_lair_generic
Temple:   minmay_freezing_vapour_temple

Skill      XL: |  1  2  3  4  5  6  7  8  9 10 11 |
---------------+----------------------------------+-----
Ranged Weapons | 4 5 6 7 8 10 11 13 | 13.1
Fighting       | 3 4 5 6 8 9 |  9.0
Dodging        | 2 3 4 5 6 |  6.1
Armour         | 1 2 |  2.2
Invocations    | 4 6 |  6.6
Stealth        | |  1.5

Action                     |  1- 3 |  4- 6 |  7- 9 | 10-12 || total
---------------------------+-------+-------+-------+-------++-------
   Fire: Shortbow          |    64 |    94 |   176 |       ||   334
         Arbalest          |       |       |    61 |   297 ||   358
         Orcbow            |       |       |    25 |       ||    25
 Invoke: Heroism           |       |       |    13 |    17 ||    30
Ability: Spit Poison       |    27 |    41 |    69 |    73 ||   210
    Use: Scroll            |     7 |     5 |    10 |     9 ||    31
         Potion            |       |     3 |     3 |     2 ||     8
 Armour: Leather armour    |    11 |     7 |    40 |       ||    58
         Steam dragon scal |       |       |    19 |   106 ||   125
  Dodge: Dodged            |    15 |    16 |    84 |   260 ||   375
  Block: Other             |       |       |    32 |    77 ||   109
         Reflection        |       |       |     4 |     2 ||     6

Table legend:
 A = Non-vault XP
 B = Vault XP
 C = Vault XP percentage of total XP
 D = Non-vault monster count
 E = Vault monster count
 F = Vault count percentage of total count
                 A         B        C        D         E       F
            +---------+---------+-------+---------+---------+-------
      Total |    9935 |    9059 |  47.7 |     216 |      51 |  19.1
            +---------+---------+-------+---------+---------+-------
        D:1 |      47 |       0 |   0.0 |      24 |       0 |   0.0
        D:2 |      36 |      35 |  49.3 |      10 |       1 |   9.1
        D:3 |      31 |       0 |   0.0 |      13 |       0 |   0.0
        D:4 |     137 |       7 |   4.9 |      17 |       2 |  10.5
        D:5 |     489 |     232 |  32.2 |      20 |      17 |  45.9
        D:6 |    1025 |     251 |  19.7 |      28 |       1 |   3.4
        D:7 |     859 |     108 |  11.2 |      18 |       1 |   5.3
        D:8 |     677 |    2561 |  79.1 |      19 |      14 |  42.4
        D:9 |    4086 |     394 |   8.8 |      50 |       4 |   7.4
       D:10 |    2548 |    2660 |  51.1 |      17 |       5 |  22.7
       D:11 |       0 |    2811 | 100.0 |       0 |       6 | 100.0
            +---------+---------+-------+---------+---------+-------
